 Dungeon Crawl Stone Soup version 0.18-a0-1071-g9f02aef (webtiles) character file.

54 wirefist the Insei (level 3, 0/23 HPs)
             Began as an Octopode Transmuter on Jan 14, 2016.
             Killed from afar by Robin (9 damage)
             ... with a wand of flame
             ... on level 2 of the Dungeon.
             The game lasted 00:09:25 (1828 turns).

wirefist the Insei (Octopode Transmuter)            Turns: 1828, Time: 00:09:25

Health: 0/23       AC:  1    Str:  9    XL:     3   Next: 91%
Magic:  6/6        EV: 12    Int: 15    God:
Gold:   111        SH:  0    Dex: 13    Spells: 2 memorised, 3 levels left

rFire  . . .     SeeInvis .       - Unarmed
rCold  . . .     Gourm    .     (no shield)
rNeg   . . .     Faith    .     (helmet restricted)
rPois  .         Spirit   .     (no amulet)
rElec  .         Dismiss  .     (no ring)
rCorr  .         Reflect  .     (no ring)
SustAt .         Harm     .     (no ring)
MR     .....                    (no ring)
Stlth  +++.......               (no ring)
                                (no ring)
                                (no ring)
                                (no ring)

@: appendage (expiring), not resistant to hostile enchantments, fairly stealthy
A: almost no armour, amphibious, 8 rings, constrict 8, tentacle spike 3,
camouflage 1, gelatinous body 1
a: End Transformation


You were on level 2 of the Dungeon.
You were not hungry.
One of your tentacles had a temporary spike.
You visited 1 branch of the dungeon, and saw 2 of its levels.

You collected 111 gold pieces.

Inventory:

Missiles
 a - 12 arrows
Armour
 f - a +0 pair of boots
 k - a +0 helmet
Scrolls
 d - 3 scrolls of teleportation
 e - 4 scrolls of identify
 g - a scroll of fog {unknown}
 i - a scroll of magic mapping
 l - a scroll of enchant weapon {unknown}
 p - a scroll of enchant armour {unknown}
Potions
 h - a potion of lignification {unknown}
 j - 4 potions of heal wounds {unknown}
 o - 2 potions of brilliance {unknown}
Books
 b - a book of Changes

   Spells                             Type                      Level
   a - Beastly Appendage              Transmutation                1
   b - Sticks to Snakes               Transmutation                2
   c - Spider Form                    Transmutation/Poison         3
   d - Ice Form                       Ice/Transmutation            4
   e - Blade Hands                    Transmutation                5
Comestibles
 c - 3 bread rations
 m - 7 chunks of flesh
 n - a meat ration


   Skills:
 + Level 1.1 Fighting
 + Level 2.4 Dodging
 + Level 1.1 Stealth
 + Level 3.7 Unarmed Combat
 + Level 2.3 Spellcasting
 + Level 2.4 Transmutations


You had 3 spell levels left.
You knew the following spells:

 Your Spells              Type           Power        Failure   Level  Hunger
a - Beastly Appendage     Trmt           #.....       10%         1    #......
b - Sticks to Snakes      Trmt           #.......     12%         2    ###....


Dungeon Overview and Level Annotations

Branches:
Dungeon (2/15)

Altars:

Annotations:
D:2 Robin


Innate Abilities, Weirdness & Mutations

You cannot wear most types of armour.
You are amphibious.
You can wear up to eight rings at the same time.
You can use your tentacles to constrict eight enemies at once.
Your skin changes colour to match your surroundings (Stealth).
Your rubbery body absorbs attacks (AC +1).
One of your tentacles bears a large vicious spike.


Message History

There is an open door here.
You tentacle-slap the goblin. Your grab misses the goblin.
You pierce the goblin.
The goblin is severely wounded.
Your transformation is almost over.
Robin roars a battlecry!
The goblin goes into a battle-frenzy!
The goblin barely misses you.
You hear a shout! x2
Casting: Beastly Appendage
Confirm with . or Enter, or press ? or * to list all spells.
Okay, then.
You tentacle-slap the goblin.
You kill the goblin!
Robin zaps a wand.
The puff of flame hits you!
It is a wand of flame.
Robin says, "My goblins will feast on your bones."
Robin zaps a wand.
The puff of flame hits you!
There is an open door here.
Robin zaps a wand.
The puff of flame hits you!
You die...

...#.## #....#######
### #........ggg ..#
#.g)# #.# ##g## #.# #)#
####.#### #.# #..)....#
##'## #.##.##.. ##..@##
#.##.(#.( ##.....##
#.##..(.. ##.......##
##.###.#..
#.........####.........
+.........'............
#.........####...##.##.
##.......## ##.###.##.
##.....## #.# ..##.
##...## #.##.# ^


You could see Robin and a hobgoblin (frenzied).

Vanquished Creatures
  An ooze (D:1)
  7 bats
  2 giant cockroaches (D:1)
  6 hobgoblins
  6 jackals
  A ball python (D:1)
  11 goblins
  8 kobolds
  A rat (D:1)
43 creatures vanquished.

Notes
Turn   | Place    | Note
--------------------------------------------------------------
     0 | D:1      | wirefist the Octopode Transmuter began the quest for the Orb.
     0 | D:1      | Reached XP level 1. HP: 13/13 MP: 3/3
   324 | D:1      | Reached XP level 2. HP: 13/18 MP: 3/5
   462 | D:1      | Learned a level 2 spell: Sticks to Snakes
   792 | D:1      | Reached XP level 3. HP: 19/23 MP: 4/6
  1689 | D:2      | Reached skill level 1 in Stealth
  1819 | D:2      | Noticed Robin
  1828 | D:2      | Killed from afar by Robin

Vault maps used:
D:1:      tarquinn_simple_flora_water_a
D:2:      grunt_qazlal_sundering, first_bread, uniq_natasha, uniq_iyjb,
          uniq_robin

Action                   || total
-------------------------++-------
Melee: Unarmed           ||    88
 Cast: Beastly Appendage ||    30
  Use: Scroll            ||     3
 Stab: Sleeping          ||     6
  Eat: Chunk             ||     3
